 Dungeon Crawl Stone Soup version 0.24.0-123-gd5b16e6ec5 (webtiles) character file.

Game seed: 215488276744820276, levelgen mode: deterministic

0 glosham the Skirmisher (level 1, 0/18 HPs)
             Began as a Mummy Abyssal Knight on Dec 20, 2019.
             Was a Follower of Lugonu.
             Slain by an unseen horror (shapeshifter) (9 damage)
             ... on level 2 of the Abyss.
             The game lasted 00:01:33 (62 turns).

glosham the Skirmisher (Mummy Abyssal Knight)         Turns: 62, Time: 00:01:34

Health: 0/18       AC:  3    Str: 15    XL:     1   Next: 0%
Magic:  2/2        EV: 11    Int: 11    God:    Lugonu [*.....]
Gold:   0          SH:  0    Dex: 11    Spells: 0/0 levels left

rFire    x . .     SeeInvis .   a - +1 hand axe
rCold    + . .     Gourm    .   (no shield)
rNeg     + + +     Faith    .   b - +0 leather armour
rPois    ∞         Spirit   .   (no helmet)
rElec    .         Reflect  .   (no cloak)
rCorr    .         Harm     .   (no gloves)
MR       .....                  (no boots)
Stlth    +.........             (no amulet)
HPRegen  0.06/turn              (no ring)
MPRegen  0.08/turn              (no ring)

@: no status effects
A: no food or potions, fire vulnerability, cold resistance 1, negative energy
resistance 3, torment resistance, unbreathing
a: Depart the Abyss, Renounce Religion


You were on level 2 of the Abyss.
You worshipped Lugonu.
Lugonu was aware of your devotion.
You were not hungry.

You visited 0 branches of the dungeon, and saw 0 of its levels.
You visited the Abyss 1 time.

Inventory:

Hand Weapons
 a - a +1 hand axe (weapon)
Armour
 b - a +0 leather armour (worn)
 d - the cursed +1 chain mail of Uvougom {rC+}
   (You found it on level 2 of the Abyss)

   It protects you from cold.
   It has a curse placed upon it.


   Skills:
 - Level 3.0 Fighting
 * Level 1.5 Axes
 - Level 1.5 Armour
 - Level 0.7 Dodging
 - Level 1.5 Invocations


You couldn't memorise any spells.
You didn't know any spells.
Your spell library was empty.

Dungeon Overview and Level Annotations

Branches:
Dungeon (0/15)

Altars:


Innate Abilities, Weirdness & Mutations

You do not eat or drink.
Your flesh is vulnerable to fire.
You are immune to poison.
Your flesh is cold resistant. (rC+)
You are immune to negative energy. (rN+++)
You are immune to unholy pain and torment.
You can survive without breathing.


Message History

Welcome, glosham the Mummy Abyssal Knight.
It is said that the Orb of Zot exists deep within this dungeon.
Lugonu says: Depart the Abyss and spread corruption, my servant! (use the ability menu to exit the Abyss) Press ? for a list of commands and other information.
Found two corrupted altars of Lugonu.
Found a spear.
Found a gateway leading out of the Abyss.
Found a ration.
Found a scroll labeled LUBRYU GIORPH.
Found a hand axe.
Found a gateway leading deeper into the Abyss.
Found 15 gold pieces.
A lurking horror comes into view.
The lurking horror explodes!
You feel a surge of unholy energy.
You see here a scroll labeled LUBRYU GIORPH.
Unknown command.
c - a scroll labeled LUBRYU GIORPH A tentacled starspawn comes into view.
A quasit comes into view.
The quasit gives a chilling moan.
There is a gateway leading deeper into the Abyss here.
A tentacle flies out from the starspawn's body!
You plunge deeper into the Abyss.
Found a glowing purple potion.
Found a corrupted altar of Lugonu.
Found a fine chain mail and a fuming amethyst potion.
Found a bubbling purple potion.
You see here a fine chain mail.
d - a fine chain mail
As you read the scroll labeled LUBRYU GIORPH, it crumbles to dust.
It is a scroll of identify.
d - the cursed +1 chain mail of Uvougom {rC+} Something hits you.
Something hits you. Something hits you!
Ouch! That really hurt!
You die...

..# #.... ###### ..
.. #!...###
...#.##..###.##...
..!....@..........
#.#........#..#..
.#............#..
#...............
#.................
......##..#...##..
#..#...#..##..#....
...................
###... .... .....


There were no monsters in sight!

Vanquished Creatures (others)
  A lurking horror (Abyss:1)
1 creature vanquished.

Notes
Turn   | Place    | Note
-------+----------+-------------------------------------------
     0 | Abyss:1  | glosham the Mummy Abyssal Knight began the quest for the
                  | Orb.
     0 | Abyss:1  | Reached XP level 1. HP: 18/18 MP: 2/2
    45 | Abyss:1  | Noticed a tentacled starspawn
    46 | Abyss:1  | Noticed a quasit
    50 | Abyss:2  | Found a corrupted altar of Lugonu.
    58 | Abyss:2  | Got a fine chain mail
    59 | Abyss:2  | Identified the cursed +1 chain mail of Uvougom {rC+} (You
                  | found it on level 2 of the Abyss)
    62 | Abyss:2  | Slain by an unseen horror (shapeshifter)

Levels and vault maps discovered:
Abyss:2

Action                   || total
-------------------------++-------
  Use: Scroll            ||     1

Table legend:
 A = Turns spent in this place as a percentage of turns spent in the entire game.
 B = Non-inter-level travel turns spent in this place as a percentage of non-inter-level travel turns spent in the entire game.
 C = Inter-level travel turns spent in this place as a percentage of turns spent in this place.
 D = Turns resting spent in this place as a percentage of non-inter-level travel turns spent in this place.
 E = Turns spent auto-exploring this place as a percentage of non-inter-level travel turns spent in this place.
 F = Non-inter-level travel turns spent in this place divided by the number of levels of this place that you've seen.
                   A       B       C       D       E      F
               +-------+-------+-------+-------+-------+----------------------
         Total | 100.0 | 100.0 |   0.0 |   0.0 |   0.0 |  31.0
         Abyss | 100.0 | 100.0 |   0.0 |   0.0 |   0.0 |  31.0
               +-------+-------+-------+-------+-------+----------------------

Levels and vault maps discovered:
Abyss:2
